 Dungeon Crawl Stone Soup version 0.30-a0-782-ge64f9170bb (webtiles) character file.

Game seed: 16683219782467165786

239 vineage the Trooper (level 6, -3/44 HPs)
             Began as a Gargoyle Fighter on Mar 16, 2023.
             Slain by an ogre
             ... wielding a +0 giant spiked club
              (27 damage)
             ... on level 4 of the Dungeon.
             The game lasted 00:04:42 (3342 turns).

vineage the Trooper (Gargoyle Fighter)              Turns: 3342, Time: 00:04:42

Health: -3/44      AC: 19    Str: 22    XL:     6   Next: 7%
Magic:  6/6        EV:  6    Int:  8    God:
Gold:   246        SH:  4    Dex:  9    Spells: 5/5 levels left

rFire   . . .      SeeInvis .    a - +1 flail
rCold   . . .      Faith    .    c - +0 buckler
rNeg    + . .      Spirit   .    e - +0 plate armour
rPois   ∞          Reflect  .    i - +0 helmet
rElec   +          Harm     .    (no cloak)
rCorr   .          Rampage  .    (no gloves)
Will    .....                    o - +1 pair of boots Stlth
                                 h - amulet of the acrobat
HPRegen 0.27/turn                (no ring)
MPRegen 0.10/turn                (no ring)

@: no status effects
A: sickness immunity, AC +4, negative energy resistance 1, electricity
resistance, torment resistance 1, petrification resistance
a: no special abilities


You were on level 4 of the Dungeon.
You visited 1 branch of the dungeon, and saw 4 of its levels.

You collected 246 gold pieces.

Inventory:

Hand Weapons
 a - a +1 flail (weapon)
Armour
 c - a +0 buckler (worn)
 e - a +0 plate armour (worn)
 i - a +0 helmet (worn)
 o - a +1 pair of boots (worn)
Jewellery
 h - an amulet of the acrobat (around neck)
 m - a ring of wizardry
Scrolls
 k - a scroll of identify
 l - a scroll of vulnerability {unknown}
 r - a scroll of enchant armour
Potions
 b - a potion of brilliance
 d - a potion of might
 f - 2 potions of heal wounds
 g - a potion of attraction
 j - a potion of resistance {unknown}
 n - a potion of degeneration {unknown}
 p - a potion of lignification {unknown}
 q - 2 potions of mutation {unknown}


   Skills:
 + Level 7.2 Fighting
 - Level 2.0 Maces & Flails
 - Level 3.2 Armour
 - Level 3.2 Shields


You had 5 spell levels left.
You didn't know any spells.
Your spell library contained the following spells:

 Spells                   Type           Power      Damage    Failure   Level
 Apportation              Tloc           0%         N/A       100%        1
 Beastly Appendage        Tmut           0%         N/A       100%        1
 Necrotise                Necr           0%         1d4       100%        1
 Sting                    Tmut/Pois      0%         1d3       100%        1
 Summon Small Mammal      Summ           0%         N/A       100%        1
 Lesser Beckoning         Tloc           0%         N/A       100%        2
 Poisonous Vapours        Pois/Air       0%         N/A       100%        2
 Static Discharge         Conj/Air       0%         2-2/arc   100%        2
 Wereblood                Tmut           0%         N/A       100%        2
 Call Canine Familiar     Summ           0%         N/A       100%        3
 Gell's Gravitas          Tloc           0%         N/A       100%        3
 Spider Form              Tmut/Pois      0%         N/A       100%        3
 Summon Guardian Golem    Hex/Summ       0%         N/A       100%        3
 Teleport Other           Tloc           0%         N/A       100%        3
 Vampiric Draining        Necr           0%         2d6       100%        3
 Vhi's Electric Charge    Tloc/Air       0%         N/A       100%        3
 Animate Dead             Necr           0%         N/A       100%        4
 Olgreb's Toxic Radiance  Pois           0%         N/A       100%        4
 Agony                    Necr           0%         N/A       100%        5
 Alistair's Intoxication  Tmut/Pois      0%         N/A       100%        5
 Arcjolt                  Conj/Air       0%         1d10      100%        5
 Lightning Bolt           Conj/Air       0%         1d11      100%        5
 Haunt                    Necr/Summ      0%         N/A       100%        7
 Infestation              Necr           0%         N/A       100%        8


Dungeon Overview and Level Annotations

Branches:
Dungeon (4/15)
 Temple: D:4-7

Altars:
Sif Muna


Innate Abilities, Weirdness & Mutations

You are immune to sickness and miasma.
Your stone body is resilient. (AC +4)
You are immune to poison.
You resist negative energy. (rN+)
You are resistant to electric shocks. (rElec)
You are resistant to unholy torment.
You are immune to petrification.


Message History

You sock the dart slug!
You kill the dart slug!
No target in view!
No target in view!
r - a scroll of enchant armour
Found an escape hatch in the ceiling.
You now have 246 gold pieces (gained 12).
There is an escape hatch in the ceiling here.
An ogre comes into view. It is wielding a +0 giant spiked club.
The ogre shouts!
An ogre is nearby!
The ogre hits you with a +0 giant spiked club!!
You sock the ogre!
The ogre is heavily wounded.
The ogre hits you but does no damage.
You hit the ogre.
The ogre is heavily wounded.
The ogre hits you but does no damage.
You hit the ogre.
The ogre is heavily wounded.
You hit the ogre but do no damage.
The ogre is heavily wounded.
The ogre barely misses you.
You barely miss the ogre.
The ogre is heavily wounded.
The ogre barely misses you.
You barely miss the ogre.
The ogre is heavily wounded.
The ogre barely misses you.
You barely miss the ogre.
The ogre is heavily wounded.
The ogre hits you with a +0 giant spiked club.
You hit the ogre but do no damage.
The ogre is heavily wounded.
The ogre hits you with a +0 giant spiked club.
You sock the ogre!
The ogre is almost dead.
The ogre hits you with a +0 giant spiked club!!
Ouch! That really hurt!
You die...

#.#####..........###..#
#.###...........# #.#
#.####.##.### #.# #.# #.#
# #.# #.# #.# ..# #.# #.#
# ### #.# #.#
#####.#.##########.####.#
........>......O@.....<.#
........##########.######
.####.#.. ...# .## #####
..## ##.# #.##.# ##....#
..#####


You could see an ogre.

Vanquished Creatures
  A gnoll sergeant (D:3)
  A jelly (D:4)
  A gnoll bouda (D:3)
  3 adders
  3 gnolls
  2 worms (D:2)
  2 dart slugs
  An orc (D:4)
  7 endoplasms
  6 giant cockroaches
  5 goblins
  4 hobgoblins
  3 jackals (D:2)
  A quokka (D:4)
  3 ball pythons
  2 bats (D:3)
  A frilled lizard (D:2)
  5 kobolds
  2 rats (D:2)
53 creatures vanquished.

Vanquished Creatures (others)
  A fungus (D:3)
1 creature vanquished.

Grand Total: 54 creatures vanquished

Notes
Turn   | Place    | Note
-------+----------+-------------------------------------------
     0 | D:1      | vineage the Gargoyle Fighter began the quest for the Orb.
     0 | D:1      | Reached XP level 1. HP: 14/14 MP: 1/1
   243 | D:1      | Found a faded altar of an unknown god.
   495 | D:1      | Reached XP level 2. HP: 17/20 MP: 2/2
   849 | D:2      | Reached skill level 4 in Fighting
   951 | D:2      | Reached XP level 3. HP: 21/24 MP: 3/3
  1377 | D:2      | Reached skill level 5 in Fighting
  1958 | D:3      | Found a shimmering blue altar of Sif Muna.
  1971 | D:3      | Reached XP level 4. HP: 30/31 MP: 4/4
  2402 | D:4      | Noticed a gnoll sergeant
  2500 | D:3      | Killed a gnoll sergeant
  2501 | D:3      | Reached skill level 6 in Fighting
  2501 | D:3      | Reached XP level 5. HP: 36/36 MP: 5/5
  3243 | D:4      | Reached skill level 7 in Fighting
  3243 | D:4      | Reached XP level 6. HP: 34/44 MP: 6/6
  3342 | D:4      | Slain by an ogre

Illustrated notes

Levels and vault maps discovered:
D:1:      co_arrival_random_square_maze, layout_loops_cross,
          hellmonk_ecumenical_altar_pennies_from_heaven, serial_bayou_pond_c,
          nicolae_titane
D:2:      layout_loops_corners, nicolae_concentric_dashed_squares_wild
D:3:      layout_loops_ring, mainiacjoe_overflow_boulevard,
          hangedman_decor_push, amcnicky_mini_pool_small
D:4:      minmay_razor_zed, layout_loops_ring

Skill      XL: |  1  2  3  4  5 |
---------------+----------------+-----
Fighting       | 4 5 6 7 |  7.2
Maces & Flails | |  2.0
Armour         | |  3.2
Shields        | |  3.2

Action                     |  1- 3 |  4- 6 || total
---------------------------+-------+-------++-------
  Melee: Flail             |   101 |   101 ||   202
    Use: Scroll            |     9 |     1 ||    10
         Potion            |       |     1 ||     1
 Armour: Plate armour      |    72 |    72 ||   144
         Scale mail        |     1 |       ||     1
  Dodge: Dodged            |    32 |    38 ||    70
  Block: Buckler           |    12 |    19 ||    31

Table legend: (Time is in decaauts)
 A = Elapsed time spent in this place.
 B = Non-inter-level travel time spent in this place.
 C = Inter-level travel time spent in this place.
 D = Time resting spent in this place.
 E = Time spent auto-exploring this place.
 F = Levels seen in this place.
 G = Mean time per level.
                   A        B        C        D        E       F      G
               +--------+--------+--------+--------+--------+-----+--------+
         Total |   3423 |   3272 |    151 |    282 |   2412 |   4 |  855.8 |
       Dungeon |   3423 |   3272 |    151 |    282 |   2412 |   4 |  855.8 |
               +--------+--------+--------+--------+--------+-----+--------+

Top non-repeatable levels by time:
     D:2: 928 daAuts
     D:4: 905 daAuts
     D:1: 854 daAuts
     D:3: 734 daAuts
